Blackhawks vs Flames
Created - February 26, 2019 at 19:25
Goals
|
| Blackhawks |
1 |
1 |
1 |
0 |
2 |
4 |
| Flames |
2 |
1 |
0 |
0 |
0 |
3 |
|
Shots
|
| Blackhawks |
4 |
15 |
15 |
1 |
3 |
35 |
| Flames |
3 |
10 |
4 |
0 |
2 |
17 |
|
1st period
1. Blackhawks , Chris Kreider 21 (Derick Brassard 46) at 0:06
2. Flames , Eric Staal 34 (David Backes 48, Erik Johnson 36) at 10:31
3. Flames , Alexander Semin 20 (David Backes 49, Eric Staal 47) at 12:03 (PP)
Penalties :
Brad Marchand (Cal) for Tripping (Minor) at 0:18, Tomas Fleischmann (Chi) for Elbowing (Minor) at 5:50, Rick Nash (Chi) for Kneeing (Major) at 11:46
2nd period
4. Flames , Kyle Palmieri 1 (David Ullstrom 6, Sami Vatanen 18) at 8:05
5. Blackhawks , Chris Kreider 22 (Rick Nash 29, Derick Brassard 47) at 10:16 (PP)
Penalties :
Peter Prucha (Cal) for Checking from behind (Minor) at 0:31, Eric Staal (Cal) for Holding (Minor) at 8:43, Chris Kreider (Chi) for Hooking (Minor) at 13:19
3rd period
6. Blackhawks , Chris Kreider 23 (Rick Nash 30, Derick Brassard 48) at 10:06
Penalties :
Rick Nash (Chi) for Elbowing (Minor) at 1:17, Alexander Semin (Cal) for Hooking (Minor) at 4:34, Jonathan Ferland (Cal) for Tripping (Minor) at 17:09
Overtime #1
No Goal
Penalties :
No Penalty
Shootout
Blackhawks, Rick Nash - Goal!
Flames, Eric Staal - Stopped by Al Montoya
Blackhawks, Derick Brassard - Stopped by Jonas Gustavsson
Flames, Alexander Semin - Stopped by Al Montoya
Blackhawks, Tyler Johnson - Goal!
Penalties :
No Penalty
Goalie Stats
Al Montoya (Chi), 14 saves from 17 shots - (0.824), W, 6-4-0, 65:00 minutes
Jonas Gustavsson (Cal), 32 saves from 35 shots - (0.914), OTL, 14-9-2, 65:00 minutes
Players Stats for Blackhawks
Player Name G A P +/- PIM S H SB GA TA FO MP PP MP PK MP
------------------------------------------------------------------------------------
Antoine Roussel 0 0 0 0 0 1 2 2 0 0 0/1 14:51 4:11 0:00
Bobby Ryan 0 0 0 0 0 2 0 0 1 0 0/1 15:10 4:11 0:00
Cam Janssen 0 0 0 0 0 0 1 0 0 0 4/5 13:10 0:00 3:27
Chris Kreider 3 0 3 1 2 7 0 0 2 0 0/4 22:14 5:18 3:08
Daniel Cleary 0 0 0 -1 0 1 0 0 0 0 0/0 7:18 0:00 0:00
Denis Grebeshkov 0 0 0 -1 0 2 2 0 1 0 0/0 22:25 3:25 4:05
Derick Brassard 0 3 3 1 0 4 2 2 1 0 17/24 24:39 5:18 5:22
Hampus Lindholm 0 0 0 -1 0 1 0 0 0 0 0/0 11:36 0:00 1:02
Joni Pitkanen 0 0 0 2 0 4 1 0 1 1 0/0 30:58 6:04 5:49
Kevin Marshall 0 0 0 -1 0 1 1 0 0 0 0/0 11:37 0:00 1:02
Lasse Kukkonen 0 0 0 -1 0 2 2 0 0 0 0/0 22:25 3:25 4:05
Mason Raymond 0 0 0 -1 0 0 1 0 1 0 0/0 9:08 0:00 1:43
Mike Green 0 0 0 2 0 2 4 0 0 0 0/0 30:59 6:04 5:49
Peter Regin 0 0 0 0 0 2 1 1 0 0 8/12 13:13 0:00 0:14
Rick Nash 0 2 2 1 7 2 4 0 0 1 2/3 21:39 5:18 2:09
Tomas Fleischmann 0 0 0 0 2 1 2 0 0 0 0/1 10:51 0:00 0:04
Tyler Johnson 0 0 0 0 0 2 1 2 0 0 3/8 17:45 4:11 4:03
Zac Rinaldo 0 0 0 -1 0 1 2 0 0 0 1/1 9:02 0:00 1:42
Players Stats for Flames
Player Name G A P +/- PIM S H SB GA TA FO MP PP MP PK MP
------------------------------------------------------------------------------------
Alexander Semin 1 0 1 -1 2 2 1 0 0 0 0/0 19:57 5:15 0:32
Brad Marchand 0 0 0 0 2 2 2 0 0 0 0/0 17:14 1:09 3:30
Brendan Mikkelson 0 0 0 1 0 0 0 0 0 0 0/0 10:23 0:52 0:00
Colin Wilson 0 0 0 0 0 1 0 2 0 0 5/8 9:47 1:02 0:00
David Backes 0 2 2 -1 0 2 0 0 0 0 0/0 19:07 5:15 0:00
David Ullstrom 0 1 1 1 0 1 2 0 1 1 0/0 11:54 0:09 4:47
Derek Meech 0 0 0 0 0 0 1 1 0 1 0/0 26:21 5:02 6:04
Eric Staal 1 1 2 -1 2 2 6 0 1 0 15/33 23:09 5:23 3:56
Erik Johnson 0 1 1 -1 0 0 1 3 0 0 0/0 28:22 5:08 3:25
Jonathan Ferland 0 0 0 0 2 2 0 1 0 0 0/0 11:54 0:09 1:27
Kyle Palmieri 1 0 1 1 0 1 2 0 0 1 0/0 7:58 1:11 0:00
Mikhail Grabovski 0 0 0 1 0 0 2 0 0 1 2/9 12:46 0:22 4:36
Patrik Berglund 0 0 0 0 0 1 0 1 0 0 3/10 15:43 4:19 0:00
Peter Prucha 0 0 0 0 2 0 1 0 0 0 0/0 16:43 4:18 0:00
Sami Vatanen 0 1 1 1 0 1 0 0 0 0 0/0 14:33 5:02 0:00
Steve Eminger 0 0 0 0 0 0 2 1 0 2 0/0 22:01 0:37 6:04
Steve Regier 0 0 0 0 0 0 1 2 0 0 0/0 14:14 4:16 0:10
Tom Poti 0 0 0 -1 0 2 2 1 0 1 0/0 28:20 5:11 3:25
3 Stars
1 - Chris Kreider (Chi)
2 - Derick Brassard (Chi)
3 - Eric Staal (Cal)
Power Play
Blackhawks - 1 on 5 Attempt(s) - 20.00%
Flames - 1 on 5 Attempt(s) - 20.00%
Penalty Kill
Blackhawks - 4 on 5 Attempt(s) - 80.00%
- Score 0 goal in Penalty Kill
Flames - 4 on 5 Attempt(s) - 80.00%
- Score 0 goal in Penalty Kill
Team Stat
Blackhawks - Hits : 26 - Faceoff Wins : 35 - Blocked Shots : 7 - Penalty Minutes : 11
Flames - Hits : 23 - Faceoff Wins : 25 - Blocked Shots : 12 - Penalty Minutes : 10
Official
Referees : Unknown
Linesman : Unknown
Game Notes
Chris Kreider has scored a Hat Trick!
Finance
Level 1 -- Attendance: 6000 (100.00%) -- Ticket Income $546,000
Level 2 -- Attendance: 4164 (83.28%) -- Ticket Income $237,348
Level 3 -- Attendance: 1904 (95.20%) -- Ticket Income $70,448
Level 4 -- Attendance: 3299 (82.48%) -- Ticket Income $89,073
Luxury Box -- Attendance: 1000 (100.00%) -- Ticket Income $162,000
Game was played at the Metal Center.
Total Attendance: 16367 (90.93%)
Total Ticket Income: $1,104,869
Other Income: $165,730
Total Income: $1,270,599
Blackhawks
5 vs 5 Forward
Center Left Wing Right Wing Time % Phy DF OF
1 Derick Brassard Chris Kreider Rick Nash 40 1 2 2
2 Peter Regin Antoine Roussel Bobby Ryan 30 1 2 2
3 Tyler Johnson Tomas Fleischmann Cam Janssen 20 1 2 2
4 Zac Rinaldo Mason Raymond Daniel Cleary 10 1 2 2
5 vs 5 Defense
Defense Defense Time % Phy DF OF
1 Mike Green Joni Pitkanen 40 1 2 2
2 Denis Grebeshkov Lasse Kukkonen 30 1 2 2
3 Kevin Marshall Hampus Lindholm 20 1 2 2
4 Mike Green Joni Pitkanen 10 1 2 2
PowerPlay Forward
Center Left Wing Right Wing Time % Phy DF OF
1 Derick Brassard Chris Kreider Rick Nash 60 1 2 2
2 Tyler Johnson Antoine Roussel Bobby Ryan 40 1 2 2
PowerPlay Defense
Defense Defense Time % Phy DF OF
1 Mike Green Joni Pitkanen 60 1 2 2
2 Denis Grebeshkov Lasse Kukkonen 40 1 2 2
Penalty Kill 4 Players Forward
Center Wing Time % Phy DF OF
1 Rick Nash Derick Brassard 60 1 2 2
2 Tyler Johnson Chris Kreider 40 1 2 2
Penalty Kill 4 Players Defense
Defense Defense Time % Phy DF OF
1 Mike Green Joni Pitkanen 60 1 2 2
2 Denis Grebeshkov Lasse Kukkonen 40 1 2 2
Penalty Kill - 3 Players Forward
Forward Time % Phy DF OF
1 Rick Nash 60 1 2 2
2 Derick Brassard 40 1 2 2
Penalty Kill - 3 Players Defense
Defense Defense Time % Phy DF OF
1 Mike Green Joni Pitkanen 60 1 2 2
2 Denis Grebeshkov Lasse Kukkonen 40 1 2 2
4 vs 4 Forward
Center Wing Time % Phy DF OF
1 Rick Nash Derick Brassard 60 1 2 2
2 Tyler Johnson Chris Kreider 40 1 2 2
4 vs 4 Defense
Defense Defense Time % Phy DF OF
1 Mike Green Joni Pitkanen 60 1 2 2
2 Denis Grebeshkov Lasse Kukkonen 40 1 2 2
Last Minutes Offensive
Center Left Wing Right Wing Defense Defense
Derick Brassard Chris Kreider Rick Nash Mike Green Joni Pitkanen
Last Minutes Defensive
Center Left Wing Right Wing Defense Defense
Derick Brassard Chris Kreider Rick Nash Mike Green Joni Pitkanen
Goaltenders
Starting : Al Montoya
Backup : Jimmy Howard
Extra Forwards
Normal : Peter Regin, Tomas Fleischmann, Cam Janssen - PP : Peter Regin, Tomas Fleischmann - PK : Cam Janssen
Extra Defensemen
Normal : Kevin Marshall, Hampus Lindholm, Denis Grebeshkov - PP : Kevin Marshall - PK : Hampus Lindholm, Denis Grebeshkov
Penalty Shots
Rick Nash, Derick Brassard, Tyler Johnson, Chris Kreider, Bobby Ryan
Scratches
None
Flames
5 vs 5 Forward
Center Left Wing Right Wing Time % Phy DF OF
1 Eric Staal Alexander Semin David Backes 40 1 2 2
2 Patrik Berglund Brad Marchand Peter Prucha 33 1 2 2
3 Colin Wilson Steve Regier Jonathan Ferland 19 1 2 2
4 Mikhail Grabovski David Ullstrom Kyle Palmieri 8 1 2 2
5 vs 5 Defense
Defense Defense Time % Phy DF OF
1 Erik Johnson Tom Poti 38 1 3 1
2 Derek Meech Steve Eminger 29 1 3 1
3 Brendan Mikkelson Sami Vatanen 23 1 3 1
4 Derek Meech Steve Eminger 10 1 3 1
PowerPlay Forward
Center Left Wing Right Wing Time % Phy DF OF
1 Eric Staal Alexander Semin David Backes 60 1 0 4
2 Patrik Berglund Steve Regier Peter Prucha 40 1 0 4
PowerPlay Defense
Defense Defense Time % Phy DF OF
1 Erik Johnson Tom Poti 60 1 1 3
2 Derek Meech Sami Vatanen 40 1 1 3
Penalty Kill 4 Players Forward
Center Wing Time % Phy DF OF
1 Mikhail Grabovski Brad Marchand 50 1 4 0
2 Eric Staal David Ullstrom 50 1 4 0
Penalty Kill 4 Players Defense
Defense Defense Time % Phy DF OF
1 Derek Meech Steve Eminger 58 1 4 0
2 Erik Johnson Tom Poti 42 1 4 0
Penalty Kill - 3 Players Forward
Forward Time % Phy DF OF
1 Eric Staal 50 1 4 0
2 David Backes 50 1 4 0
Penalty Kill - 3 Players Defense
Defense Defense Time % Phy DF OF
1 Derek Meech Steve Eminger 58 1 4 0
2 Erik Johnson Tom Poti 42 1 4 0
4 vs 4 Forward
Center Wing Time % Phy DF OF
1 Eric Staal David Backes 60 1 2 2
2 Patrik Berglund Alexander Semin 40 1 2 2
4 vs 4 Defense
Defense Defense Time % Phy DF OF
1 Erik Johnson Tom Poti 60 1 2 2
2 Derek Meech Steve Eminger 40 1 2 2
Last Minutes Offensive
Center Left Wing Right Wing Defense Defense
Eric Staal Alexander Semin David Backes Erik Johnson Tom Poti
Last Minutes Defensive
Center Left Wing Right Wing Defense Defense
Eric Staal Alexander Semin David Backes Derek Meech Steve Eminger
Goaltenders
Starting : Jonas Gustavsson
Backup : Pekka Rinne
Extra Forwards
Normal : Brad Marchand, Peter Prucha, Patrik Berglund - PP : Brad Marchand, Colin Wilson - PK : Jonathan Ferland
Extra Defensemen
Normal : Derek Meech, Steve Eminger, Sami Vatanen - PP : Sami Vatanen - PK : Erik Johnson, Brendan Mikkelson
Penalty Shots
Eric Staal, Alexander Semin, David Backes, Steve Regier, Patrik Berglund
Scratches
Jordin Tootoo (Healthy)
% Time on Ice - Blackhawks
Lines # - Real PCT - Wanted PCT - Time Play
Normal Forward
1 - 32% - 40% - 12:39
2 - 27% - 30% - 10:47
3 - 22% - 20% - 8:51
4 - 18% - 10% - 7:18
Normal Defense
1 - 42% - 40% - 16:44
2 - 33% - 30% - 12:58
3 - 25% - 20% - 9:53
4 - 0% - 10% - 0:00
PP Forward
1 - 56% - 60% - 5:18
2 - 44% - 40% - 4:11
PP Defense
1 - 64% - 60% - 6:04
2 - 36% - 40% - 3:25
PK Forward
1 - 82% - 60% - 8:59
2 - 18% - 40% - 1:57
PK Defense
1 - 63% - 60% - 6:51
2 - 37% - 40% - 4:05
PK3 Forward
1 - 0% - 60%
2 - 0% - 40%
PK3 Defense
1 - 0% - 60%
2 - 0% - 40%
44 Forward
1 - 75% - 60% - 3:45
2 - 25% - 40% - 1:15
44 Defense
1 - 61% - 60% - 3:03
2 - 39% - 40% - 1:57
Last Minute Offensive - 0:00
Last Minute Defensive - 0:00
Total
Forward - 65:00
Defense - 65:00
|
% Time on Ice - Flames
Lines # - Real PCT - Wanted PCT - Time Play
Normal Forward
1 - 35% - 40% - 13:42
2 - 26% - 33% - 10:21
3 - 22% - 19% - 8:45
4 - 17% - 8% - 6:47
Normal Defense
1 - 43% - 38% - 17:12
2 - 30% - 29% - 12:03
3 - 22% - 23% - 8:36
4 - 4% - 10% - 1:44
PP Forward
1 - 58% - 60% - 6:18
2 - 42% - 40% - 4:38
PP Defense
1 - 54% - 60% - 5:54
2 - 46% - 40% - 5:02
PK Forward
1 - 50% - 50% - 4:42
2 - 50% - 50% - 4:47
PK Defense
1 - 64% - 58% - 6:04
2 - 36% - 42% - 3:25
PK3 Forward
1 - 0% - 50%
2 - 0% - 50%
PK3 Defense
1 - 0% - 58%
2 - 0% - 42%
44 Forward
1 - 96% - 60% - 4:47
2 - 4% - 40% - 0:13
44 Defense
1 - 59% - 60% - 2:56
2 - 41% - 40% - 2:04
Last Minute Offensive - 0:00
Last Minute Defensive - 0:00
Total
Forward - 65:00
Defense - 65:00
|
Play-by-Play
1st period
0:01 of 1st period - Derick Brassard wins face-off versus Eric Staal in neutral zone.
0:06 of 1st period - Wrist shot by Chris Kreider.
0:06 of 1st period - Goal by Chris Kreider - Blackhawks : 1 - Flames : 0.
0:07 of 1st period - Peter Regin wins face-off versus Patrik Berglund in neutral zone.
0:12 of 1st period - Derek Meech is hit by Peter Regin and loses puck.
0:18 of 1st period - Minor Penalty to Brad Marchand for Tripping.
0:19 of 1st period - Derick Brassard wins face-off versus Mikhail Grabovski in Flames zone.
0:45 of 1st period - Derek Meech is hit by Tyler Johnson and loses puck.
2:04 of 1st period - Bobby Ryan is hit by Eric Staal and loses puck.
2:18 of 1st period - Penalty to Brad Marchand is over, Brad Marchand is back on ice.
3:08 of 1st period - Patrik Berglund is hit by Mike Green and loses puck.
4:53 of 1st period - Slapshot by Hampus Lindholm.
4:53 of 1st period - Stopped by Jonas Gustavsson with a rebound.
5:50 of 1st period - Minor Penalty to Tomas Fleischmann for Elbowing.
5:51 of 1st period - Derick Brassard wins face-off versus Eric Staal in Blackhawks zone.
6:05 of 1st period - Snap shot by Eric Staal.
6:05 of 1st period - Shot Misses the Net.
6:31 of 1st period - Wrist shot by Tyler Johnson.
6:31 of 1st period - Shot Misses the Net.
6:42 of 1st period - Chris Kreider is hit by Steve Regier.
7:50 of 1st period - Penalty to Tomas Fleischmann is over, Tomas Fleischmann is back on ice.
7:58 of 1st period - Bobby Ryan is hit by Mikhail Grabovski and loses puck.
8:05 of 1st period - Snap shot by Mikhail Grabovski.
8:05 of 1st period - Shot Blocked by Peter Regin.
8:07 of 1st period - Slapshot by David Ullstrom.
8:07 of 1st period - Stopped by Al Montoya without a rebound.
8:08 of 1st period - Peter Regin wins face-off versus Mikhail Grabovski in Blackhawks zone.
8:13 of 1st period - Slapshot by Mike Green.
8:13 of 1st period - Deflect By Erik Johnson.
8:13 of 1st period - Stopped by Jonas Gustavsson without a rebound.
8:14 of 1st period - Peter Regin wins face-off versus Mikhail Grabovski in Flames zone.
8:23 of 1st period - Slapshot by Erik Johnson.
8:23 of 1st period - Shot Blocked by Antoine Roussel.
10:13 of 1st period - Wrist shot by Denis Grebeshkov.
10:13 of 1st period - Stopped by Jonas Gustavsson without a rebound.
10:14 of 1st period - Derick Brassard wins face-off versus Eric Staal in Flames zone.
10:31 of 1st period - Wrist shot by Eric Staal.
10:31 of 1st period - Goal by Eric Staal - Blackhawks : 1 - Flames : 1.
10:32 of 1st period - Derick Brassard wins face-off versus Patrik Berglund in neutral zone.
10:41 of 1st period - Slapshot by Brad Marchand.
10:41 of 1st period - Shot Misses the Net.
11:03 of 1st period - Slapshot by Erik Johnson.
11:03 of 1st period - Shot Blocked by Antoine Roussel.
11:46 of 1st period - Major Penalty to Rick Nash for Kneeing.
11:47 of 1st period - Cam Janssen wins face-off versus Eric Staal in Blackhawks zone.
12:03 of 1st period - Slapshot by Alexander Semin.
12:03 of 1st period - Goal by Alexander Semin - Blackhawks : 1 - Flames : 2.
12:04 of 1st period - Cam Janssen wins face-off versus Eric Staal in neutral zone.
12:07 of 1st period - Tom Poti is hit by Derick Brassard and loses puck.
12:56 of 1st period - Steve Regier is hit by Lasse Kukkonen and loses puck.
14:13 of 1st period - Denis Grebeshkov is hit by Kyle Palmieri.
14:57 of 1st period - Derick Brassard is hit by Kyle Palmieri and loses puck.
16:42 of 1st period - Derick Brassard is hit by David Ullstrom and loses puck.
16:46 of 1st period - Penalty to Rick Nash is over, Rick Nash is back on ice.
17:46 of 1st period - David Backes is hit by Cam Janssen and loses puck.
18:35 of 1st period - Tom Poti is hit by Tomas Fleischmann and loses puck.
18:48 of 1st period - Mikhail Grabovski is hit by Denis Grebeshkov and loses puck.
19:52 of 1st period - Lasse Kukkonen is hit by Brad Marchand.
Goals for this period are 1 for Blackhawks vs 2 for Flames.
Shots for this period are 4 for Blackhawks vs 3 for Flames.
2nd period
0:01 of 2nd period - Eric Staal wins face-off versus Derick Brassard in neutral zone.
0:28 of 2nd period - Backhand shot by Tomas Fleischmann.
0:28 of 2nd period - Deflect By Erik Johnson.
0:28 of 2nd period - Shot Blocked by Erik Johnson.
0:28 of 2nd period - Puck is out of play.
0:29 of 2nd period - Patrik Berglund wins face-off versus Tyler Johnson in Flames zone.
0:31 of 2nd period - Minor Penalty to Peter Prucha for Checking from behind.
0:32 of 2nd period - Eric Staal wins face-off versus Derick Brassard in Flames zone.
1:16 of 2nd period - Icing by Bobby Ryan.
1:17 of 2nd period - Tyler Johnson wins face-off versus Eric Staal in Blackhawks zone.
1:24 of 2nd period - Wrist shot by Denis Grebeshkov.
1:24 of 2nd period - Deflect By Tyler Johnson.
1:24 of 2nd period - Shot Misses the Net.
1:24 of 2nd period - Puck is out of play.
1:25 of 2nd period - Eric Staal wins face-off versus Derick Brassard in Flames zone.
1:52 of 2nd period - Bobby Ryan is hit by Mikhail Grabovski and loses puck.
1:59 of 2nd period - Steve Eminger is hit by Denis Grebeshkov and loses puck.
2:31 of 2nd period - Penalty to Peter Prucha is over, Peter Prucha is back on ice.
2:46 of 2nd period - Snap shot by Mikhail Grabovski.
2:46 of 2nd period - Shot Misses the Net.
2:48 of 2nd period - Slapshot by Tom Poti.
2:48 of 2nd period - Stopped by Al Montoya with a rebound.
2:50 of 2nd period - Snap shot by Brad Marchand.
2:50 of 2nd period - Stopped by Al Montoya without a rebound.
2:51 of 2nd period - Peter Regin wins face-off versus Eric Staal in Blackhawks zone.
2:51 of 2nd period - Peter Regin is hit by Eric Staal.
3:17 of 2nd period - Jonathan Ferland is hit by Mike Green and loses puck.
3:22 of 2nd period - Snap shot by Chris Kreider.
3:22 of 2nd period - Deflect By Derick Brassard.
3:22 of 2nd period - Shot Blocked by Steve Regier.
3:22 of 2nd period - Puck is out of play.
3:23 of 2nd period - Derick Brassard wins face-off versus Patrik Berglund in Flames zone.
3:36 of 2nd period - Wrist shot by Chris Kreider.
3:36 of 2nd period - Stopped by Jonas Gustavsson with a rebound.
3:48 of 2nd period - Peter Regin is hit by Tom Poti.
4:58 of 2nd period - Zac Rinaldo is hit by Steve Eminger.
5:04 of 2nd period - Snap shot by Mike Green.
5:04 of 2nd period - Shot Blocked by Patrik Berglund.
5:14 of 2nd period - Slapshot by Patrik Berglund.
5:14 of 2nd period - Stopped by Al Montoya with a rebound.
5:24 of 2nd period - Snap shot by Antoine Roussel.
5:24 of 2nd period - Stopped by Jonas Gustavsson with a rebound.
5:59 of 2nd period - Snap shot by Derick Brassard.
5:59 of 2nd period - Stopped by Jonas Gustavsson with a rebound.
6:01 of 2nd period - Wrist shot by Derick Brassard.
6:01 of 2nd period - Stopped by Jonas Gustavsson without a rebound.
6:02 of 2nd period - Derick Brassard wins face-off versus Colin Wilson in Flames zone.
6:03 of 2nd period - Wrist shot by Chris Kreider.
6:03 of 2nd period - Shot Misses the Net.
6:09 of 2nd period - Wrist shot by Derick Brassard.
6:09 of 2nd period - Stopped by Jonas Gustavsson with a rebound.
6:11 of 2nd period - Snap shot by Joni Pitkanen.
6:11 of 2nd period - Deflect By Jonathan Ferland.
6:11 of 2nd period - Stopped by Jonas Gustavsson without a rebound.
6:12 of 2nd period - Colin Wilson wins face-off versus Derick Brassard in Flames zone.
6:39 of 2nd period - Slapshot by Steve Regier.
6:39 of 2nd period - Shot Misses the Net.
6:47 of 2nd period - Wrist shot by Chris Kreider.
6:47 of 2nd period - Stopped by Jonas Gustavsson with a rebound.
6:49 of 2nd period - Wrist shot by Rick Nash.
6:49 of 2nd period - Stopped by Jonas Gustavsson with a rebound.
7:07 of 2nd period - Wrist shot by Chris Kreider.
7:07 of 2nd period - Shot Blocked by Erik Johnson.
7:09 of 2nd period - Wrist shot by Rick Nash.
7:09 of 2nd period - Deflect By Chris Kreider.
7:09 of 2nd period - Shot Misses the Net.
7:09 of 2nd period - Puck is out of play.
7:10 of 2nd period - Peter Regin wins face-off versus Eric Staal in Flames zone.
8:05 of 2nd period - Snap shot by Kyle Palmieri.
8:05 of 2nd period - Goal by Kyle Palmieri - Blackhawks : 1 - Flames : 3.
8:06 of 2nd period - Eric Staal wins face-off versus Chris Kreider in neutral zone.
8:08 of 2nd period - Off-side.
8:09 of 2nd period - Derick Brassard wins face-off versus Eric Staal in neutral zone.
8:12 of 2nd period - Wrist shot by Joni Pitkanen.
8:12 of 2nd period - Stopped by Jonas Gustavsson with a rebound.
8:24 of 2nd period - Wrist shot by Derick Brassard.
8:24 of 2nd period - Shot Blocked by Tom Poti.
8:43 of 2nd period - Minor Penalty to Eric Staal for Holding.
8:44 of 2nd period - Mikhail Grabovski wins face-off versus Derick Brassard in Flames zone.
8:57 of 2nd period - Snap shot by Jonathan Ferland.
8:57 of 2nd period - Stopped by Al Montoya without a rebound.
8:58 of 2nd period - Derick Brassard wins face-off versus Mikhail Grabovski in Blackhawks zone.
9:13 of 2nd period - Chris Kreider is hit by Derek Meech and loses puck.
9:48 of 2nd period - Icing by Derick Brassard.
9:49 of 2nd period - Mikhail Grabovski wins face-off versus Tyler Johnson in Blackhawks zone.
10:14 of 2nd period - Snap shot by Rick Nash.
10:14 of 2nd period - Shot Blocked by Steve Eminger.
10:16 of 2nd period - Snap shot by Chris Kreider.
10:16 of 2nd period - Goal by Chris Kreider - Blackhawks : 2 - Flames : 3.
10:17 of 2nd period - Patrik Berglund wins face-off versus Derick Brassard in neutral zone.
10:20 of 2nd period - Rick Nash is hit by Brad Marchand and loses puck.
10:29 of 2nd period - Peter Prucha is hit by Rick Nash and loses puck.
10:44 of 2nd period - Joni Pitkanen is hit by Alexander Semin and loses puck.
10:51 of 2nd period - Wrist shot by Alexander Semin.
10:51 of 2nd period - Shot Misses the Net.
10:53 of 2nd period - Slapshot by Alexander Semin.
10:53 of 2nd period - Deflect By Eric Staal.
10:53 of 2nd period - Stopped by Al Montoya with a rebound.
11:29 of 2nd period - Snap shot by Derick Brassard.
11:29 of 2nd period - Shot Hit the Post.
11:31 of 2nd period - Snap shot by Lasse Kukkonen.
11:31 of 2nd period - Shot Blocked by Derek Meech.
11:33 of 2nd period - Wrist shot by Lasse Kukkonen.
11:33 of 2nd period - Shot Blocked by Colin Wilson.
11:35 of 2nd period - Wrist shot by Chris Kreider.
11:35 of 2nd period - Shot Misses the Net.
11:37 of 2nd period - Slapshot by Lasse Kukkonen.
11:37 of 2nd period - Stopped by Jonas Gustavsson with a rebound.
11:47 of 2nd period - Wrist shot by Daniel Cleary.
11:47 of 2nd period - Shot Misses the Net.
11:51 of 2nd period - Backhand shot by Zac Rinaldo.
11:51 of 2nd period - Stopped by Jonas Gustavsson with a rebound.
11:53 of 2nd period - Wrist shot by Mason Raymond.
11:53 of 2nd period - Shot Blocked by Steve Regier.
12:09 of 2nd period - Brad Marchand is hit by Antoine Roussel.
13:05 of 2nd period - Daniel Cleary is hit by Peter Prucha and loses puck.
13:16 of 2nd period - Wrist shot by Brad Marchand.
13:16 of 2nd period - Stopped by Al Montoya without a rebound.
13:17 of 2nd period - Derick Brassard wins face-off versus Eric Staal in Blackhawks zone.
13:19 of 2nd period - Minor Penalty to Chris Kreider for Hooking.
13:20 of 2nd period - Rick Nash wins face-off versus Eric Staal in Blackhawks zone.
13:28 of 2nd period - Snap shot by David Backes.
13:28 of 2nd period - Shot Misses the Net.
13:30 of 2nd period - Snap shot by Alexander Semin.
13:30 of 2nd period - Stopped by Al Montoya without a rebound.
13:31 of 2nd period - Rick Nash wins face-off versus Eric Staal in Blackhawks zone.
15:19 of 2nd period - Penalty to Chris Kreider is over, Chris Kreider is back on ice.
15:53 of 2nd period - Slapshot by Steve Regier.
15:53 of 2nd period - Deflect By Colin Wilson.
15:53 of 2nd period - Stopped by Al Montoya with a rebound.
17:11 of 2nd period - Lasse Kukkonen is hit by Steve Eminger and loses puck.
17:43 of 2nd period - Sami Vatanen is hit by Kevin Marshall and loses puck.
17:56 of 2nd period - Steve Regier is hit by Derick Brassard and loses puck.
18:25 of 2nd period - Cam Janssen is hit by Eric Staal and loses puck.
18:43 of 2nd period - David Ullstrom is hit by Zac Rinaldo.
19:03 of 2nd period - Slapshot by Chris Kreider.
19:03 of 2nd period - Stopped by Jonas Gustavsson with a rebound.
19:05 of 2nd period - Snap shot by Derick Brassard.
19:05 of 2nd period - Stopped by Jonas Gustavsson with a rebound.
19:23 of 2nd period - Wrist shot by Peter Regin.
19:23 of 2nd period - Stopped by Jonas Gustavsson without a rebound.
19:24 of 2nd period - Eric Staal wins face-off versus Bobby Ryan in Flames zone.
19:24 of 2nd period - Eric Staal is hit by Antoine Roussel.
19:32 of 2nd period - Snap shot by Tom Poti.
19:32 of 2nd period - Stopped by Al Montoya without a rebound.
19:33 of 2nd period - Eric Staal wins face-off versus Peter Regin in Blackhawks zone.
Goals for this period are 1 for Blackhawks vs 1 for Flames.
Shots for this period are 15 for Blackhawks vs 10 for Flames.
3rd period
0:01 of 3rd period - Derick Brassard wins face-off versus Eric Staal in neutral zone.
0:04 of 3rd period - Slapshot by Rick Nash.
0:04 of 3rd period - Shot Misses the Net.
0:26 of 3rd period - Brad Marchand is hit by Joni Pitkanen and loses puck.
0:55 of 3rd period - Slapshot by Mason Raymond.
0:55 of 3rd period - Shot Misses the Net.
0:57 of 3rd period - Snap shot by Mason Raymond.
0:57 of 3rd period - Shot Misses the Net.
0:59 of 3rd period - Backhand shot by Kevin Marshall.
0:59 of 3rd period - Stopped by Jonas Gustavsson with a rebound.
1:14 of 3rd period - Off-side.
1:15 of 3rd period - Derick Brassard wins face-off versus Eric Staal in neutral zone.
1:17 of 3rd period - Minor Penalty to Rick Nash for Elbowing.
1:18 of 3rd period - Eric Staal wins face-off versus Cam Janssen in Blackhawks zone.
1:20 of 3rd period - Snap shot by Eric Staal.
1:20 of 3rd period - Shot Blocked by Derick Brassard.
1:22 of 3rd period - Slapshot by Sami Vatanen.
1:22 of 3rd period - Deflect By Derick Brassard.
1:22 of 3rd period - Stopped by Al Montoya with a rebound.
1:32 of 3rd period - Snap shot by Alexander Semin.
1:32 of 3rd period - Shot Misses the Net.
3:17 of 3rd period - Penalty to Rick Nash is over, Rick Nash is back on ice.
3:27 of 3rd period - Kevin Marshall is hit by Erik Johnson and loses puck.
3:54 of 3rd period - Jonathan Ferland is hit by Mason Raymond and loses puck.
4:13 of 3rd period - Snap shot by Tyler Johnson.
4:13 of 3rd period - Stopped by Jonas Gustavsson without a rebound.
4:14 of 3rd period - Derick Brassard wins face-off versus Patrik Berglund in Flames zone.
4:34 of 3rd period - Minor Penalty to Alexander Semin for Hooking.
4:35 of 3rd period - Derick Brassard wins face-off versus Mikhail Grabovski in Flames zone.
5:22 of 3rd period - Wrist shot by Tom Poti.
5:22 of 3rd period - Shot Misses the Net.
6:34 of 3rd period - Penalty to Alexander Semin is over, Alexander Semin is back on ice.
6:55 of 3rd period - Alexander Semin is hit by Zac Rinaldo and loses puck.
7:29 of 3rd period - Slapshot by Denis Grebeshkov.
7:29 of 3rd period - Stopped by Jonas Gustavsson without a rebound.
7:30 of 3rd period - Cam Janssen wins face-off versus Patrik Berglund in Flames zone.
7:31 of 3rd period - Slapshot by Tomas Fleischmann.
7:31 of 3rd period - Shot Blocked by Erik Johnson.
7:55 of 3rd period - Kyle Palmieri is hit by Rick Nash and loses puck.
8:04 of 3rd period - Wrist shot by Kyle Palmieri.
8:04 of 3rd period - Deflect By Derick Brassard.
8:04 of 3rd period - Shot Misses the Net.
8:04 of 3rd period - Puck is out of play.
8:05 of 3rd period - Eric Staal wins face-off versus Antoine Roussel in Blackhawks zone.
9:23 of 3rd period - Slapshot by Joni Pitkanen.
9:23 of 3rd period - Deflect By Mason Raymond.
9:23 of 3rd period - Shot Misses the Net.
9:23 of 3rd period - Puck is out of play.
9:24 of 3rd period - Derick Brassard wins face-off versus Patrik Berglund in Flames zone.
9:39 of 3rd period - Snap shot by Chris Kreider.
9:39 of 3rd period - Stopped by Jonas Gustavsson without a rebound.
9:40 of 3rd period - Eric Staal wins face-off versus Peter Regin in Flames zone.
9:40 of 3rd period - Eric Staal is hit by Lasse Kukkonen.
9:46 of 3rd period - Wrist shot by Peter Regin.
9:46 of 3rd period - Stopped by Jonas Gustavsson with a rebound.
9:48 of 3rd period - Slapshot by Denis Grebeshkov.
9:48 of 3rd period - Deflect By Peter Regin.
9:48 of 3rd period - Shot Misses the Net.
9:48 of 3rd period - Puck is out of play.
9:49 of 3rd period - Peter Regin wins face-off versus Eric Staal in Flames zone.
9:54 of 3rd period - Snap shot by Bobby Ryan.
9:54 of 3rd period - Stopped by Jonas Gustavsson without a rebound.
9:55 of 3rd period - Derick Brassard wins face-off versus Eric Staal in Flames zone.
10:04 of 3rd period - Slapshot by Chris Kreider.
10:04 of 3rd period - Deflect By Rick Nash.
10:04 of 3rd period - Stopped by Jonas Gustavsson with a rebound.
10:06 of 3rd period - Wrist shot by Chris Kreider.
10:06 of 3rd period - Goal by Chris Kreider - Blackhawks : 3 - Flames : 3.
10:07 of 3rd period - Eric Staal wins face-off versus Chris Kreider in neutral zone.
10:18 of 3rd period - Wrist shot by David Backes.
10:18 of 3rd period - Stopped by Al Montoya with a rebound.
10:22 of 3rd period - Snap shot by David Backes.
10:22 of 3rd period - Stopped by Al Montoya with a rebound.
10:36 of 3rd period - Icing by Brad Marchand.
10:37 of 3rd period - Peter Regin wins face-off versus Patrik Berglund in Flames zone.
10:46 of 3rd period - Wrist shot by Peter Regin.
10:46 of 3rd period - Shot Misses the Net.
10:48 of 3rd period - Slapshot by Denis Grebeshkov.
10:48 of 3rd period - Deflect By Peter Regin.
10:48 of 3rd period - Shot Misses the Net.
10:48 of 3rd period - Puck is out of play.
10:49 of 3rd period - Eric Staal wins face-off versus Chris Kreider in Flames zone.
10:56 of 3rd period - Erik Johnson is hit by Mike Green and loses puck.
11:46 of 3rd period - Snap shot by Colin Wilson.
11:46 of 3rd period - Shot Misses the Net.
11:58 of 3rd period - Mason Raymond is hit by Eric Staal and loses puck.
12:10 of 3rd period - Icing by Daniel Cleary.
12:11 of 3rd period - Zac Rinaldo wins face-off versus Mikhail Grabovski in Blackhawks zone.
12:11 of 3rd period - Zac Rinaldo is hit by David Ullstrom.
12:37 of 3rd period - Snap shot by David Ullstrom.
12:37 of 3rd period - Deflect By Mikhail Grabovski.
12:37 of 3rd period - Shot Misses the Net.
12:37 of 3rd period - Puck is out of play.
12:38 of 3rd period - Peter Regin wins face-off versus Eric Staal in Blackhawks zone.
12:38 of 3rd period - Peter Regin is hit by Eric Staal.
12:46 of 3rd period - Snap shot by Peter Regin.
12:46 of 3rd period - Shot Misses the Net.
13:30 of 3rd period - Slapshot by Tomas Fleischmann.
13:30 of 3rd period - Shot Misses the Net.
13:32 of 3rd period - Wrist shot by Cam Janssen.
13:32 of 3rd period - Deflect By Tomas Fleischmann.
13:32 of 3rd period - Shot Misses the Net.
13:32 of 3rd period - Puck is out of play.
13:33 of 3rd period - Eric Staal wins face-off versus Peter Regin in Flames zone.
13:49 of 3rd period - Wrist shot by Antoine Roussel.
13:49 of 3rd period - Shot Misses the Net.
14:25 of 3rd period - Snap shot by Colin Wilson.
14:25 of 3rd period - Shot Misses the Net.
14:27 of 3rd period - Slapshot by Steve Eminger.
14:27 of 3rd period - Shot Misses the Net.
14:29 of 3rd period - Slapshot by Steve Eminger.
14:29 of 3rd period - Shot Misses the Net.
14:59 of 3rd period - Slapshot by Mike Green.
14:59 of 3rd period - Stopped by Jonas Gustavsson without a rebound.
15:00 of 3rd period - Eric Staal wins face-off versus Peter Regin in Flames zone.
15:15 of 3rd period - Slapshot by Lasse Kukkonen.
15:15 of 3rd period - Stopped by Jonas Gustavsson without a rebound.
15:16 of 3rd period - Colin Wilson wins face-off versus Tyler Johnson in Flames zone.
15:25 of 3rd period - Snap shot by Jonathan Ferland.
15:25 of 3rd period - Shot Blocked by Tyler Johnson.
15:27 of 3rd period - Slapshot by Erik Johnson.
15:27 of 3rd period - Shot Blocked by Tyler Johnson.
15:29 of 3rd period - Wrist shot by Jonathan Ferland.
15:29 of 3rd period - Shot Misses the Net.
15:31 of 3rd period - Snap shot by Jonathan Ferland.
15:31 of 3rd period - Stopped by Al Montoya with a rebound.
15:41 of 3rd period - Tom Poti is hit by Rick Nash and loses puck.
15:48 of 3rd period - Wrist shot by Eric Staal.
15:48 of 3rd period - Shot Blocked by Derick Brassard.
16:28 of 3rd period - Snap shot by Daniel Cleary.
16:28 of 3rd period - Stopped by Jonas Gustavsson without a rebound.
16:29 of 3rd period - Colin Wilson wins face-off versus Tyler Johnson in Flames zone.
16:40 of 3rd period - Snap shot by Tyler Johnson.
16:40 of 3rd period - Shot Blocked by Colin Wilson.
16:42 of 3rd period - Wrist shot by Tyler Johnson.
16:42 of 3rd period - Stopped by Jonas Gustavsson without a rebound.
16:43 of 3rd period - Tyler Johnson wins face-off versus Colin Wilson in Flames zone.
16:46 of 3rd period - Slapshot by Joni Pitkanen.
16:46 of 3rd period - Stopped by Jonas Gustavsson without a rebound.
16:47 of 3rd period - Colin Wilson wins face-off versus Tyler Johnson in Flames zone.
16:47 of 3rd period - Colin Wilson is hit by Mike Green.
17:09 of 3rd period - Minor Penalty to Jonathan Ferland for Tripping.
17:10 of 3rd period - Eric Staal wins face-off versus Derick Brassard in Flames zone.
18:18 of 3rd period - David Ullstrom is hit by Rick Nash.
18:48 of 3rd period - Icing by Joni Pitkanen.
18:49 of 3rd period - Tyler Johnson wins face-off versus Mikhail Grabovski in Blackhawks zone.
19:08 of 3rd period - Wrist shot by Bobby Ryan.
19:08 of 3rd period - Stopped by Jonas Gustavsson with a rebound.
19:09 of 3rd period - Penalty to Jonathan Ferland is over, Jonathan Ferland is back on ice.
19:10 of 3rd period - Slapshot by Mike Green.
19:10 of 3rd period - Shot Blocked by Jonathan Ferland.
19:12 of 3rd period - Wrist shot by Joni Pitkanen.
19:12 of 3rd period - Stopped by Jonas Gustavsson without a rebound.
19:13 of 3rd period - Derick Brassard wins face-off versus Colin Wilson in Flames zone.
19:43 of 3rd period - Icing by Tom Poti.
19:44 of 3rd period - Colin Wilson wins face-off versus Tomas Fleischmann in Flames zone.
19:58 of 3rd period - Off-side.
19:59 of 3rd period - Patrik Berglund wins face-off versus Chris Kreider in neutral zone.
Goals for this period are 1 for Blackhawks vs 0 for Flames.
Shots for this period are 15 for Blackhawks vs 4 for Flames.
Overtime #1
0:01 of 1st overtime period - Eric Staal wins face-off versus Rick Nash in neutral zone.
1:04 of 1st overtime period - Slapshot by Brad Marchand.
1:04 of 1st overtime period - Shot Misses the Net.
1:16 of 1st overtime period - Wrist shot by Tomas Fleischmann.
1:16 of 1st overtime period - Shot Misses the Net.
1:18 of 1st overtime period - Slapshot by Denis Grebeshkov.
1:18 of 1st overtime period - Shot Misses the Net.
1:28 of 1st overtime period - Slapshot by Tomas Fleischmann.
1:28 of 1st overtime period - Stopped by Jonas Gustavsson with a rebound.
1:40 of 1st overtime period - Snap shot by Eric Staal.
1:40 of 1st overtime period - Shot Misses the Net.
2:23 of 1st overtime period - Derick Brassard is hit by Tom Poti and loses puck.
2:36 of 1st overtime period - Hampus Lindholm is hit by Eric Staal and loses puck.
3:00 of 1st overtime period - Icing by Kevin Marshall.
3:01 of 1st overtime period - Cam Janssen wins face-off versus Eric Staal in Blackhawks zone.
3:51 of 1st overtime period - Derek Meech is hit by Tomas Fleischmann and loses puck.
Goals for this period are 0 for Blackhawks vs 0 for Flames.
Shots for this period are 1 for Blackhawks vs 0 for Flames.
ShootOut
5:00 of 1st overtime period - Round #1.
5:00 of 1st overtime period - Blackhawks, Rick Nash.
5:00 of 1st overtime period - Snap shot by Rick Nash.
5:00 of 1st overtime period - Goal by Rick Nash.
5:00 of 1st overtime period - Flames, Eric Staal.
5:00 of 1st overtime period - Backhand shot by Eric Staal.
5:00 of 1st overtime period - Stopped by Al Montoya.
5:00 of 1st overtime period - Round #2.
5:00 of 1st overtime period - Blackhawks, Derick Brassard.
5:00 of 1st overtime period - Snap shot by Derick Brassard.
5:00 of 1st overtime period - Stopped by Jonas Gustavsson.
5:00 of 1st overtime period - Flames, Alexander Semin.
5:00 of 1st overtime period - Deke by Alexander Semin.
5:00 of 1st overtime period - Stopped by Al Montoya.
5:00 of 1st overtime period - Round #3.
5:00 of 1st overtime period - Blackhawks, Tyler Johnson.
5:00 of 1st overtime period - Deke by Tyler Johnson.
5:00 of 1st overtime period - Goal by Tyler Johnson.
Back to the Top